 Dungeon Crawl Stone Soup version 0.16-a0-1157-gec61f8e (webtiles) character file.

1941 RobertPalmer the Basher (level 9, -5/54 HPs)
             Began as an Octopode Gladiator on Oct 8, 2014.
             Slain by a troll (9 damage)
             ... on level 9 of the Dungeon.
             The game lasted 00:20:42 (9146 turns).

RobertPalmer the Basher (Octopode Gladiator)        Turns: 9146, Time: 00:20:42

Health: -5/54      AC:  2    Str: 14    XL:     9   Next: 18%
Magic:  9/9        EV: 13    Int: 13    God:
Gold:   353        SH:  0    Dex: 13    Spells: 2 memorised, 4 levels left

rFire  + . .     SeeInvis .     a - +2 morningstar
rCold  . . .     Clarity  .     (no shield)
rNeg   . . .     SustAb   .     c - +1 hat
rPois  .         Gourm    .     G - amulet of regeneration
rElec  .         Spirit   .     e - ring of stealth
rCorr  .         Warding  .     o - cursed ring of flight
rMut   .         Stasis   .     t - ring of protection from fire
MR     .....                    (no ring)
Stlth  +++.......               (no ring)
                                (no ring)
                                (no ring)
                                (no ring)

@: not resistant to hostile enchantments, fairly stealthy
A: almost no armour, amphibious, 8 rings, constrict 8, camouflage 1, gelatinous
body 1
a: Evoke Flight


You were on level 9 of the Dungeon.
You were full.

You visited 1 branch of the dungeon, and saw 9 of its levels.

You collected 353 gold pieces.


Innate Abilities, Weirdness & Mutations

You cannot wear most types of armour.
You are amphibious.
You can wear up to eight rings at the same time.
You can use your tentacles to constrict many enemies at once.
Your skin changes colour to match your surroundings (Stealth).
Your rubbery body absorbs attacks (AC +1).


   Skills:
 - Level 2.0 Fighting
 - Level 10.6 Maces & Flails
   Level 4.9 Polearms
 - Level 2.0 Throwing
 + Level 3.5 Dodging


You had 4 spell levels left.
You knew the following spells:

 Your Spells              Type           Power        Failure   Level  Hunger
a - Stoneskin             Trmt/Erth      #.......     47%         2    ###....
b - Blink                 Tloc           N/A          47%         2    ###....

Inventory:

Hand weapons
 a - a +2 morningstar (weapon)
 b - a +0 blowgun
 y - a +0 flail of holy wrath
Missiles
 r - 16 poisoned needles
 v - 3 needles of paralysis
Armour
 c - a +1 hat (worn)
Magical devices
 d - a wand of cold (5)
 g - a wand of magic darts (13)
 z - a wand of draining (0)
 E - a wand of draining (1)
Comestibles
 f - 3 bread rations
 i - 5 meat rations
 q - a beef jerky
 J - 3 chunks of worker ant flesh {@*1}
Scrolls
 u - 3 scrolls of remove curse
 x - a scroll of teleportation
Jewellery
 e - a ring of stealth (left tentacle)
 h - a cursed ring of teleportation
 n - an uncursed amulet of the gourmand
 o - a cursed ring of flight (right tentacle)
 t - a ring of protection from fire (on tentacle)
 G - an amulet of regeneration (around mantle)
 I - an uncursed amulet of clarity {unknown}
Potions
 j - a potion of mutation {unknown}
 k - a potion of poison {unknown}
 l - 2 potions of restore abilities {unknown}
 m - a potion of haste {unknown}
 p - 3 potions of heal wounds {unknown}
 s - a potion of resistance {unknown}
 w - 2 potions of flight {unknown}
 A - 3 potions of brilliance
 B - a potion of might {unknown}
 C - a potion of confusion {unknown}
Books
 D - a book of Transfigurations
 F - a book of Wizardry
 H - a book of Spatial Translocations

Dungeon Overview and Level Annotations

Branches:
Dungeon (9/15)             Temple (0/1) D:5
    Orc: D:9-12        Lair: D:8-11

Altars:
Sif Muna
Zin
The Shining One

Annotations:
D:4 bmpenner's ghost, experienced FoFi
D:7 bmpenner's ghost, experienced DsGl

################......#
...............#......#
...............#......#
...............#......#
...............#.>....#
...............#......#
..........######......#
########'##...........#
...............T@.....#
###...........#######.#
..#...#######.# #.#
..#...#.....#.# #.#
..#.###.....'.# #.#
..#.#.......#.# #.#####
..#.#.......#.#######.....#
..#.#.......#.............#
..'.#.......#..#####......#


You could see a troll.


Message History

Drink which item? (? for menu, Esc to quit)
Okay, then.
You hit the troll but do no damage. The troll misses you. The troll claws you!
The troll claws you!
You sock the troll!
The troll is moderately wounded.
The troll barely misses you. The troll claws you.
* * * LOW HITPOINT WARNING * * *
The troll barely misses you.
You closely miss the troll.
The troll is moderately wounded.
The troll bites you!
* * * LOW HITPOINT WARNING * * *
The troll barely misses you. The troll claws you.
* * * LOW HITPOINT WARNING * * *
You hit the troll.
The troll is moderately wounded.
The troll bites you.
* * * LOW HITPOINT WARNING * * *
The troll misses you. The troll barely misses you.
Unknown command.
You barely miss the troll.
The troll is moderately wounded.
The troll closely misses you. x3
You puncture the troll!
The troll is heavily wounded.
The troll misses you. The troll claws you.
* * * LOW HITPOINT WARNING * * *
The troll claws you!
You die...

Action                   |  1- 3 |  4- 6 |  7- 9 || total
-------------------------+-------+-------+-------++-------
Melee: Trident           |    92 |    16 |       ||   108
       Morningstar       |       |    91 |   183 ||   274
 Fire: Blowgun           |       |    12 |    37 ||    49
Throw: Throwing net      |       |       |     7 ||     7
Evoke: Wand              |       |     1 |     5 ||     6
  Use: Scroll            |     1 |     9 |     7 ||    17
       Potion            |     1 |       |     2 ||     3
 Stab: Sleeping          |     2 |     7 |     8 ||    17
       Distracted        |       |     2 |     3 ||     5
       Held in net/web   |       |       |     1 ||     1
  Eat: Chunk             |     1 |    11 |    17 ||    29
       Pizza             |       |     1 |       ||     1

Vault maps used:
D:1:      evilmike_arrival_hilbert_curve, minmay_liquid_box, minmay_surrounded
D:2:      tso_oasis_becter, wad_orctagon
D:3:      first_bread
D:4:      serial_shops, nicolae_shop_statue_plus, tgw_trog, uniq_sigmund
D:5:      minmay_temple_entry_glassed_door, hangedman_minor_gate_pass
D:6:      serial_park_tiny_2, corexii_item_surrounded_by_moat, uniq_menkaure
D:7:      enter_bailey_2, grunt_livestock, dk_noncrumbling_4
D:8:      tgw_sif, kennysheep_mini_moat

Notes
Turn   | Place    | Note
--------------------------------------------------------------
     0 | D:1      | RobertPalmer, the Octopode Gladiator, began the quest for the Orb.
     0 | D:1      | Reached XP level 1. HP: 14/14 MP: 1/1
   197 | D:1      | Reached XP level 2. HP: 19/19 MP: 2/2
   762 | D:1      | Reached skill level 4 in Polearms
   973 | D:2      | Reached XP level 3. HP: 24/24 MP: 3/3
  1123 | D:2      | HP: 2/24 [orc (4)]
  1303 | D:2      | Reached XP level 4. HP: 19/29 MP: 4/4
  2064 | D:2      | Reached skill level 1 in Maces & Flails
  2094 | D:2      | Found a glowing golden altar of the Shining One.
  2422 | D:3      | Reached skill level 2 in Maces & Flails
  2422 | D:3      | Reached XP level 5. HP: 31/34 MP: 5/5
  3069 | D:4      | Noticed bmpenner's ghost (experienced FoFi)
  3746 | D:4      | Reached skill level 3 in Maces & Flails
  4077 | D:5      | Entered Level 5 of the Dungeon
  4109 | D:5      | Found a staircase to the Ecumenical Temple.
  4117 | D:5      | Noticed a sky beast
  4215 | D:5      | Reached skill level 4 in Maces & Flails
  4215 | D:5      | Reached XP level 6. HP: 32/39 MP: 6/6
  4514 | D:5      | Noticed an ogre
  4529 | D:5      | Reached skill level 5 in Maces & Flails
  4610 | D:5      | Killed an ogre
  4610 | D:5      | Reached XP level 7. HP: 45/45 MP: 7/7
  4707 | D:5      | Killed a sky beast
  4707 | D:5      | Reached skill level 6 in Maces & Flails
  4998 | D:6      | Noticed a deep elf mage
  5596 | D:6      | Reached skill level 7 in Maces & Flails
  5713 | D:6      | Noticed Menkaure
  6107 | D:6      | Killed Menkaure
  6107 | D:6      | Reached XP level 8. HP: 50/50 MP: 8/8
  6137 | D:6      | Reached skill level 8 in Maces & Flails
  6868 | D:7      | Reached skill level 9 in Maces & Flails
  6889 | D:7      | Learned a level 2 spell: Stoneskin
  6996 | D:7      | Found a flagged portal.
  6997 | D:7      | Noticed bmpenner's ghost (experienced DsGl)
  6997 | D:7      | Noticed a manticore
  8190 | D:8      | Reached skill level 10 in Maces & Flails
  8276 | D:8      | Found a glowing silver altar of Zin.
  8286 | D:8      | Reached XP level 9. HP: 38/54 MP: 9/9
  8413 | D:8      | Found a deep blue altar of Sif Muna.
  8792 | D:9      | Learned a level 2 spell: Blink
  9143 | D:9      | HP: 5/54 [troll (5)]
  9146 | D:9      | Slain by a troll

Vanquished Creatures
  A hippogriff (D:8)
  Menkaure (D:6)
  An orc warrior (D:6)
  A sky beast (D:5)
  2 ogres
  3 giant frogs
  A scorpion (D:8)
  4 killer bees (D:8)
  5 crimson imps
  3 hounds
  2 jellies
  4 worker ants
  2 orc wizards
  An orc priest (D:5)
  An iguana (D:8)
  A killer bee zombie (D:8)
  An ogre zombie (D:7)
  2 hound skeletons
  3 gnolls (D:4)
  A steam dragon zombie (D:8)
  2 shadow imps (D:8)
  An orc skeleton (D:8)
  16 adders
  A worm (D:2)
  2 giant mites (D:6)
  A giant gecko (D:6)
  An ooze (D:1)
  15 orcs
  A bat skeleton (D:5)
  8 hobgoblins
  15 jackals
  4 quokkas
  A ball python (D:2)
  8 bats
  4 giant cockroaches
  A giant gecko zombie (D:5)
  5 giant newts
  A giant spore (D:8)
  9 goblins
  A hobgoblin zombie (D:5)
  20 kobolds
  2 kobold zombies (D:6)
  13 rats
  A rat skeleton (D:4)
  2 ballistomycetes (D:8)
175 creatures vanquished.
